 Dungeon Crawl Stone Soup version 0.26.0-16-gc1dbca0489 (webtiles) character file.

Game seed: 9494902927538100186

110 EnegeticOcto the Skirmisher (level 4, -6/40 HPs)
             Began as a Ghoul Venom Mage on Jan 20, 2021.
             Was an Initiate of Gozag.
             Killed by divine providence
             ... invoked by an orc priest
              (10 damage)
             ... on level 2 of the Dungeon.
             The game lasted 00:02:27 (2999 turns).

EnegeticOcto the Skirmisher (Ghoul Venom Mage)      Turns: 2999, Time: 00:02:28

Health: -6/40      AC: 16    Str: 12      XL:     4   Next: 91%
Magic:  5/5        EV:  2    Int:  9 (10) God:    Gozag
Gold:   280        SH:  0    Dex:  9      Spells: 5/6 levels left

rFire    . . .     SeeInvis .   f - +0 whip
rCold    + . .     Faith    .   (no shield)
rNeg     + + +     Spirit   .   h - +3 plate armour {rPois}
rPois    ∞         Reflect  .   (no helmet)
rElec    .         Harm     .   a - +2 cloak
rCorr    .         Rampage  .   (no gloves)
Will     .....                  (no boots)
Stlth    ..........             (no amulet)
HPRegen  0.00/turn              (no ring)
MPRegen  0.09/turn              (no ring)

@: no status effects
A: claws 1, cold resistance 1, negative energy resistance 3, inhibited
regeneration, torment resistance, unbreathing
a: Renounce Religion, Potion Petition, Call Merchant, Bribe Branch


You were on level 2 of the Dungeon.
You worshipped Gozag.
Gozag was aware of your devotion.
You visited 1 branch of the dungeon, and saw 3 of its levels.

You collected 302 gold pieces.
You paid 22 gold pieces to Gozag.

Inventory:

Hand Weapons
 f - a +0 whip (weapon)
   (You took it off a goblin on level 1 of the Dungeon)
Armour
 a - a +2 cloak (worn)
   (You found it on level 2 of the Dungeon)
 h - a +3 plate armour of poison resistance (worn)
   (You found it on level 1 of the Dungeon)
Scrolls
 c - a scroll of enchant armour
 d - 2 scrolls of remove curse {@r2}
 e - a scroll of teleportation {@r3 !r}
 g - a scroll of identify {unknown}
 k - a scroll of noise {unknown}
 m - a scroll of enchant weapon {unknown}
Potions
 b - a potion of curing {@q1 !q}
 n - a potion of haste {unknown}


   Skills:
 + Level 3.7 Fighting
 + Level 2.2 Maces & Flails
 - Level 1.7 Dodging
 - Level 2.1 Stealth
 - Level 1.7 Spellcasting
 - Level 0.8 Transmutations
 - Level 3.0 Poison Magic


You had 5 spell levels left.
You knew the following spells:

 Your Spells              Type           Power        Failure   Level
a - Sting                 Tmut/Pois      16%          100%        1

Your spell library contained the following spells:

 Spells                   Type           Power        Failure   Level
 Poisonous Vapours        Pois/Air       6%           100%        2
 Ignite Poison            Fire/Tmut/Pois 3%           100%        3
 Mephitic Cloud           Conj/Pois/Air  2%           100%        3
 Olgreb's Toxic Radiance  Pois           6%           100%        4


Dungeon Overview and Level Annotations

Branches:
Dungeon (3/15)

Altars:
Gozag


Innate Abilities, Weirdness & Mutations

You thrive by killing the living.
You are immune to poison.
You have sharp fingernails.
Your flesh is cold resistant. (rC+)
You are immune to negative energy. (rN+++)
You do not regenerate when monsters are visible.
You are immune to unholy pain and torment.
You can survive without breathing.


Message History

You hit the orc priest but do no damage.
The orc priest hits you but does no damage.
A goblin comes into view. It is wielding a -3 dagger.
You barely miss the orc priest.
The orc priest hits you but does no damage.
You hit the orc priest but do no damage.
The orc priest begins to cast a cantrip, but forgets the words!
You hit the orc priest but do no damage.
The orc priest hits you but does no damage.
You hit the orc priest.
The orc priest is moderately wounded.
The orc priest miscasts a cantrip.
The orc priest calls down the wrath of Beogh upon you.
Beogh smites you!
You climb upwards.
There is a stone staircase leading down, spattered with blood here.
You closely miss the orc priest.
The orc priest is moderately wounded.
The orc priest hits you but does no damage.
Your plate armour prevents you from hitting the orc priest.
The orc priest is moderately wounded.
The orc priest mumbles some strange prayers to Beogh against you.
Beogh smites you!
You are too injured to fight recklessly!
You are too injured to fight recklessly!
You are too injured to fight recklessly!
You are too injured to fight recklessly!
You are too injured to fight recklessly!
You are too injured to fight recklessly!
You are too injured to fight recklessly!
You are too injured to fight recklessly!
You are too injured to fight recklessly!
You are too injured to fight recklessly!
You are too injured to fight recklessly!
You are too injured to fight recklessly!
You are too injured to fight recklessly!
You are too injured to fight recklessly!
You are too injured to fight recklessly!
You are too injured to fight recklessly!
You are too injured to fight recklessly!
You are too injured to fight recklessly!
You are too injured to fight recklessly!
You are too injured to fight recklessly!
You are too injured to fight recklessly!
You are too injured to fight recklessly!
You are too injured to fight recklessly!
You are too injured to fight recklessly!
You are too injured to fight recklessly!
You are too injured to fight recklessly!
You are too injured to fight recklessly!
You are too injured to fight recklessly!
You are too injured to fight recklessly!
You are too injured to fight recklessly!
You are too injured to fight recklessly!
You are too injured to fight recklessly!
You are too injured to fight recklessly!
You are too injured to fight recklessly!
You are too injured to fight recklessly!
You are too injured to fight recklessly!
You are too injured to fight recklessly!
You are too injured to fight recklessly!
You are too injured to fight recklessly!
You are too injured to fight recklessly!
You are too injured to fight recklessly!
You are too injured to fight recklessly!
You are too injured to fight recklessly!
You are too injured to fight recklessly!
Your plate armour prevents you from hitting the orc priest.
The orc priest is moderately wounded.
The orc priest barely misses you.
You closely miss the orc priest.
The orc priest is moderately wounded.
The orc priest casts a cantrip, but nothing happens.
You hit the orc priest but do no damage.
The orc priest is moderately wounded.
The orc priest hits you but does no damage.
You closely miss the orc priest.
The orc priest is moderately wounded.
The orc priest mumbles some strange prayers to Beogh against you.
Beogh smites you!
* * * LOW HITPOINT WARNING * * *
You hit the orc priest but do no damage.
The orc priest is moderately wounded.
The orc priest hits you but does no damage.
You hit the orc priest.
The orc priest is moderately wounded.
The orc priest hits you but does no damage.
You hit the orc priest.
The orc priest is moderately wounded.
The orc priest hits you.
* * * LOW HITPOINT WARNING * * *
You barely miss the orc priest.
The orc priest is moderately wounded.
The orc priest looks encouraged for a moment.
You hit the orc priest but do no damage.
The orc priest is moderately wounded.
The orc priest calls down the wrath of Beogh upon you.
Beogh smites you!
You die...
Your body crumbles into a pile of gold.

########......#....# ###### #
..............#....###....#######
######.#......#..................
..............#....###...........
###.........................)....
.................................
###...).(..)..#.######...........
###.......(...#o### #....#.#####
.....#.#.(#####.@)# #....#.###
.....#.#.(#####)).# #....#...#
.....#.#..(.......# #.).[#...###
.....#.##.#####...#########......
.......##...............# #......
.....####..####...#####.########.
........#..# #...##..........##.
#######.#..####...##..........##.
#####.#..#.....................


You could see an orc priest.

Vanquished Creatures
  An orc priest (D:2)
  An adder (D:2)
  An ooze (D:2)
  A worm (D:2)
  A dart slug (D:1)
  2 orcs (D:2)
  6 bats
  3 giant cockroaches
  12 goblins
  9 hobgoblins
  6 jackals (D:2)
  3 frilled lizards (D:2)
  3 kobolds
  5 rats
54 creatures vanquished.

Notes
Turn   | Place    | Note
-------+----------+-------------------------------------------
     0 | D:1      | EnegeticOcto the Ghoul Venom Mage began the quest for the
                  | Orb.
     0 | D:1      | Reached XP level 1. HP: 14/14 MP: 2/2
   316 | D:1      | Reached skill level 1 in Fighting
   413 | D:1      | Reached XP level 2. HP: 24/24 MP: 3/3
   517 | D:1      | Reached skill level 2 in Fighting
  1246 | D:2      | Reached XP level 3. HP: 30/30 MP: 4/4
  1271 | D:2      | Found an opulent altar of Gozag.
  1290 | D:2      | Became a worshipper of Gozag Ym Sagoz the Greedy
  1428 | D:2      | Reached skill level 1 in Maces & Flails
  1897 | D:2      | Reached skill level 3 in Fighting
  2414 | D:2      | Reached XP level 4. HP: 25/38 MP: 5/5
  2809 | D:2      | Reached skill level 2 in Maces & Flails
  2999 | D:2      | Killed from afar by an orc priest

Illustrated notes

Levels and vault maps discovered:
D:1:      giann_forest_graveyard, layout_loops_ring, st_stairs_11,
          minmay_misc_feat_x, minmay_heptomino_h4
D:2:      layout_basic, nicolae_gozag_seed_capital
D:3:      layout_rooms, uniq_robin, uniq_sigmund

Skill      XL: |  1  2  3  4 |
---------------+-------------+-----
Fighting       | 1 2 3 |  3.7
Maces & Flails | 1 2 |  2.2
Dodging        | |  1.7
Stealth        | |  2.1
Spellcasting   | |  1.7
Transmutations | |  0.8
Poison Magic   | |  3.0

Action                   |  1- 3 |  4- 6 || total
-------------------------+-------+-------++-------
Melee: Unarmed           |    49 |       ||    49
       Whip              |   143 |   106 ||   249
  Use: Scroll            |     3 |       ||     3
       Potion            |       |     4 ||     4
Armor: Robe              |    17 |       ||    17
       Plate armour      |   133 |   138 ||   271
Dodge: Dodged            |    85 |    18 ||   103
